 Dungeon Crawl Stone Soup version 0.29.1-2-gbd0b4ee654 (webtiles) character file.

Game seed: 1098194007497216959

9278 croobank the Nimble (level 11, -7/50 HPs)
             Began as a Felid Summoner on Oct 31, 2022.
             Was an Initiate of Gozag.
             Mangled by a boulder beetle (57 damage)
             ... on level 2 of the Lair of Beasts.
             The game lasted 01:34:52 (12824 turns).

croobank the Nimble (Felid Summoner)               Turns: 12824, Time: 01:34:53

Health: -7/50      AC:  2    Str:  4    XL:     11   Next: 20%
Magic:  19/24      EV: 29    Int: 21    God:    Gozag
Gold:   877        SH:  0    Dex: 17    Spells: 10/26 levels left
                                        Lives:  0   Deaths: 3

rFire   . . .      SeeInvis +   (weapon unavailable)
rCold   . . .      Faith    .   (shield unavailable)
rNeg    + . .      Spirit   .   (body armour unavailable)
rPois   .          Reflect  .   (helmet unavailable)
rElec   .          Harm     .   (cloak unavailable)
rCorr   .          Rampage  .   (gloves unavailable)
Will    +....                   (boots unavailable)
Stlth   +++.......              (no amulet)
HPRegen 0.16/turn               q - ring of positive energy
MPRegen 0.19/turn               s - +4 ring of evasion

@: quick
A: very small, claws 1, fangs 3, see invisible, speed 1, shaggy fur 2, stealthy
paws, no weapons or thrown items, no armour, multi-lived, mutation resistance 1
a: Renounce Religion, Potion Petition, Call Merchant, Bribe Branch


You were on level 2 of the Lair of Beasts.
You worshipped Gozag.
Gozag was pleased with you.
You visited 3 branches of the dungeon, and saw 12 of its levels.
You also visited: Ice Cave.

You collected 1590 gold pieces.
You paid 713 gold pieces to Gozag.

Inventory:

Jewellery
 a - a ring of protection from cold
 h - a ring of ice
 i - a ring of protection from cold
 q - a ring of positive energy (left paw)
 s - a +4 ring of evasion (right paw)
Wands
 c - a wand of mindburst (15)
 k - a wand of charming (11)
Scrolls
 b - 5 scrolls of teleportation
 e - 2 scrolls of fog
 f - a scroll of acquirement
 j - 2 scrolls of vulnerability
Potions
 d - a potion of might
 g - 2 potions of curing
 l - a potion of haste
 m - a potion of brilliance {unknown}
 n - 2 potions of mutation
 o - 2 potions of flight
 r - a potion of attraction


   Skills:
 * Level 7.6 Fighting
 * Level 11.5 Dodging
 - Level 5.8 Stealth
 * Level 8.1 Spellcasting
 - Level 5.0 Hexes
 * Level 9.6 Summonings
 + Level 4.0 Transmutations
 * Level 6.3 Air Magic


You had 10 spell levels left.
You knew the following spells:

 Your Spells              Type           Power      Damage    Failure   Level
a - Summon Small Mammal   Summ           100%       N/A       1%          1
b - Call Imp              Summ           49%        N/A       1%          2
c - Call Canine Familiar  Summ           49%        N/A       1%          3
d - Summon Guardian Gole  Hex/Summ       39%        N/A       1%          3
e - Summon Lightning Spi  Summ/Air       42%        N/A       3%          4
f - Tukima's Dance        Hex            29%        N/A       3%          3

Your spell library contained the following spells:

 Spells                   Type           Power      Damage    Failure   Level
 Sting                    Tmut/Pois      68%        1d6       3%          1
 Poisonous Vapours        Pois/Air       42%        N/A       3%          2
 Foxfire                  Conj/Fire      32%        2x1d5     8%          1
 Inner Flame              Hex/Fire       19%        N/A       9%          3
 Conjure Flame            Conj/Fire      8%         6-21      24%         3
 Yara's Violent Unravell  Hex/Tmut       13%        3d7       34%         5
 Dispel Undead            Necr           8%         3d8       61%         4
 Flame Wave               Conj/Fire      8%         2d5       61%         4
 Olgreb's Toxic Radiance  Pois           8%         N/A       61%         4
 Passage of Golubria      Tloc           8%         N/A       61%         4
 Death Channel            Necr           4%         N/A       100%        6
 Dispersal                Tloc           4%         N/A       100%        6
 Haunt                    Necr/Summ      14%        N/A       100%        7
 Disjunction              Tloc           4%         N/A       100%        8
 Infestation              Necr           4%         N/A       100%        8
 Corpse Rot               Necr/Pois/Air  Unusable   N/A       N/A         4
 Animate Dead             Necr           Unusable   N/A       N/A         4

Dungeon Overview and Level Annotations

Branches:
Dungeon (9/15)             Temple (1/1) D:5            Lair (2/5) D:8
  IceCv (visited)
  Swamp: Lair:2-3    Shoals: Lair:2-3     Snake: Lair:2-3    Spider: Lair:2-3
    Orc: D:9-12

Altars:
Ashenzari
Cheibriados
Elyvilon
Fedhas
Gozag
Hepliaklqana
Kikubaaqudgha
Makhleb
Nemelex Xobeh
Okawaru
Qazlal
Ru
Sif Muna
Trog
Uskayaw
Vehumet
Wu Jian
Xom
Yredelemnul
Zin

Annotations:
D:4 Grinder
D:7 1 transporter, CBASSkasper's ghost, novice MiBe
Temple 2 transporters


Innate Abilities, Weirdness & Mutations

You have sharp claws.
You have razor-sharp teeth.
You have supernaturally acute eyesight. (SInv)
You cover ground quickly. (Speed+)
You are covered in thick fur. (AC +2)
Your paws help you pounce on unaware monsters.
You are incapable of wielding weapons or throwing items.
You cannot wear armour.
You gain extra lives every three experience levels.
You are somewhat resistant to further mutation.


Message History

Gang up on whom?
Press: ? - help, Dir - move target, f - orange demon
Aim: an orange demon (ally target)
Okay, then.
What are your orders? t - Meow!
Orders for allies: a - Attack new target. r - Retreat! s - Stop attacking. g - Guard the area. f - Follow me.
Anything else - Cancel.
Gang up on whom?
Press: ? - help, Dir - move target, f - orange demon
Aim: an orange demon (ally target) Attack!
The orange demon misses your wolf.
The orange demon closely misses your wolf.
Your wolf bites the orange demon but does no damage.
Your wolf closely misses the orange demon.
The orange demon stings your wolf.
Your wolf looks as sick as possible!
The orange demon poisons your wolf! The orange demon hits your wolf.
A boulder beetle comes into view.
Your wolf barely misses the orange demon.
The boulder beetle curls into a ball and begins rolling!
The orange demon stings your wolf!
The orange demon closely misses your wolf.
Your wolf closely misses the orange demon.
Your wolf bites the orange demon but does no damage.
The orange demon closely misses your wolf. x2
Your wolf closely misses the orange demon.
Your wolf completely misses the orange demon.
The orange demon closely misses your wolf.
The orange demon hits your wolf!
Your wolf looks weaker.
Your wolf bites the orange demon but does no damage.
The orange demon misses you.
The boulder beetle attacks as you move away!
The boulder beetle hits you!!!
Ouch! That really hurt!
You die...
Your body crumbles into a pile of gold.

###### ### ### #######
......##.# ##.####.##..##
....°°°..###..##..##P...#
.....#8°.....^##..##.....
.....##hB............)...
......49@...(.##....#....
...................P....
...>.#.....[...........#
....###................#
###. ##................ #
#.#..............
##...............
##P..............
#................


You could see a boulder beetle (rolling), an orange demon (ally target), a
friendly guardian golem (summoned), a friendly wolf (summoned, sheltered,
extremely poisoned, weak) and a friendly lightning spire (summoned, sheltered).

Vanquished Creatures
  3 blink frogs (Lair:1)
  2 killer bees (D:8)
  2 howler monkeys (D:8)
  An orc priest (D:7)
  An orc wizard (D:8)
  A shadow imp (D:7)
  2 orcs
  A bat (D:1)
  An endoplasm (D:2)
  A hobgoblin (D:2)
  A kobold (D:1)
  A quokka (D:1)
17 creatures vanquished.

Vanquished Creatures (collateral kills)
  Gastronok (Lair:1)
  Harold (Lair:1)
  A death yak (Lair:1)
  Amaemon (Lair:2)
  2 cane toads
  A torpor snail (Lair:1)
  2 komodo dragons
  A dream sheep (Lair:1)
  4 blink frogs (Lair:1)
  Prince Ribbit (D:8)
  Sigmund (D:4)
  A wyvern (Lair:2)
  3 yaks (Lair:1)
  An orc warrior (D:8)
  A sky beast (D:7)
  3 water moccasins
  A centaur (D:6)
  3 phantoms
  2 kobold brigands
  6 bullfrogs
  A scorpion (D:5)
  A gnoll sergeant (D:9)
  A wight (D:8)
  4 killer bees (D:8)
  2 howler monkeys
  A hound (D:6)
  3 jellies
  4 orc priests
  An iguana (D:5)
  Natasha (thrice) (D:3)
  5 orc wizards
  2 ogre zombies (D:9)
  A mummy (D:6)
  6 adders
  6 gnolls
  10 white imps (Lair:1)
  An ufetubus (D:6)
  A dart slug (D:1)
  19 orcs
  3 endoplasms
  2 giant cockroaches (D:1)
  4 goblins
  7 hobgoblins
  2 jackals (D:3)
  23 kobolds
  A quokka (D:4)
  9 ball pythons
  5 bats
  6 frilled lizards
  2 hobgoblin zombies (D:9)
  4 orc zombies (D:9)
  7 rats
  A spectral kobold (D:3)
185 creatures vanquished.

Vanquished Creatures (others)
  2 death yaks (Lair:1)
  A black mamba (Lair:1)
  Joseph (D:7)
  A komodo dragon (Lair:1)
  3 dream sheep (Lair:1)
  A blink frog (Lair:1)
  5 yaks (Lair:1)
  A dancing weapon (D:9)
  3 water moccasins
  A black bear (D:7)
  An ice beast (D:5)
  A kobold brigand (D:5)
  Blork the orc (D:5)
  A bullfrog (Lair:1)
  3 wights (D:8)
  4 killer bees (D:8)
  A shadow imp (D:7)
  2 white imps (Lair:1)
  A bush (Lair:1)
  6 fungi
  14 plants
  8 withered plants (D:3)
62 creatures vanquished.

Grand Total: 264 creatures vanquished

Notes
Turn   | Place    | Note
-------+----------+-------------------------------------------
     0 | D:1      | croobank the Felid Summoner began the quest for the Orb.
     0 | D:1      | Reached XP level 1. HP: 7/7 MP: 4/4
   160 | D:1      | Reached skill level 3 in Dodging
   278 | D:1      | Reached XP level 2. HP: 11/11 MP: 6/6
   281 | D:1      | Learned a level 2 spell: Call Imp
  1068 | D:2      | Reached XP level 3. HP: 14/14 MP: 4/7
  1122 | D:2      | Learned a level 3 spell: Call Canine Familiar
  1296 | D:2      | Found a sacrificial altar of Ru.
  1508 | D:2      | Reached XP level 4. HP: 18/18 MP: 3/8
  1742 | D:2      | Identified the +2 robe of the Volcano {rF- rN+ Str+3 Int-3}
  1863 | D:3      | Noticed Natasha
  1887 | D:3      | Killed Natasha
  1892 | D:3      | Noticed Natasha
  1903 | D:3      | Killed Natasha
  1904 | D:3      | Reached skill level 4 in Dodging
  1918 | D:3      | Noticed Natasha
  1936 | D:3      | Gained mutation: You are somewhat resistant to further
                  | mutation. [potion of mutation]
  1937 | D:3      | Constricted to death by Natasha
  1938 | D:3      | Reached XP level 3. HP: -4/14 MP: 2/8
  1977 | D:3      | Found a faded altar of an unknown god.
  2034 | D:3      | Reached XP level 4. HP: 17/18 MP: 6/9
  2066 | D:3      | Found an ancient bone altar of Kikubaaqudgha.
  2147 | D:3      | Killed Natasha
  3101 | D:4      | Noticed Sigmund
  3151 | D:4      | Killed Sigmund
  3152 | D:4      | Reached skill level 5 in Dodging
  3152 | D:4      | Reached skill level 5 in Stealth
  3152 | D:4      | Reached skill level 5 in Summonings
  3152 | D:4      | Reached XP level 5. HP: 20/21 MP: 0/11
  3152 | D:4      | Gained mutation: You are covered in thick fur. (AC +2)
                  | [Felid growth]
  3152 | D:4      | Reached XP level 6. HP: 23/24 MP: 0/12
  3711 | D:4      | Found a broken altar of Ashenzari.
  3712 | D:4      | Found a sacrificial altar of Ru.
  3713 | D:4      | Found a radiant altar of Vehumet.
  3713 | D:4      | Found a burning altar of Makhleb.
  3771 | D:4      | Learned a level 3 spell: Summon Guardian Golem
  3994 | D:4      | Noticed Grinder
  4005 | D:5      | Entered Level 5 of the Dungeon
  4323 | D:5      | Reached skill level 1 in Hexes
  4323 | D:5      | Reached XP level 7. HP: 17/28 MP: 0/14
  4593 | D:5      | Reached skill level 1 in Fighting
  4896 | D:5      | Reached skill level 6 in Dodging
  4968 | D:5      | Killed from afar by an orc priest
  4969 | D:5      | Reached XP level 6. HP: 0/25 MP: 4/13
  4972 | D:5      | Found a staircase to the Ecumenical Temple.
  4978 | Temple   | Entered the Ecumenical Temple
  4978 | Temple   | Found a transporter.
  4978 | Temple   | Found a transporter.
  4980 | Temple   | Found a transporter.
  4980 | Temple   | Found a transporter.
  4996 | Temple   | Became a worshipper of Gozag Ym Sagoz the Greedy
  5242 | D:5      | Noticed Blork the orc
  5269 | D:5      | Killed Blork the orc
  5559 | D:5      | Reached XP level 7. HP: 24/30 MP: 5/14
  5916 | D:6      | Found a sparkling altar of Nemelex Xobeh.
  6105 | D:6      | Found a hide-covered altar of Uskayaw.
  6336 | D:6      | Found a snail-covered altar of Cheibriados.
  6540 | D:6      | Learned a level 4 spell: Summon Lightning Spire
  6689 | D:7      | Reached skill level 7 in Dodging
  6689 | D:7      | Reached XP level 8. HP: 34/34 MP: 6/16
  7062 | D:7      | Found a transporter.
  7065 | D:7      | Identified the +6 dire flail of Rubyuma {flame, rC++}
  7066 | D:7      | Noticed CBASSkasper's ghost (novice MiBe)
  7141 | D:7      | Reached skill level 5 in Spellcasting
  7595 | D:7      | Reached skill level 1 in Air Magic
  7660 | D:7      | Noticed Joseph
  7690 | D:7      | Killed Joseph
  7691 | D:7      | Reached skill level 5 in Hexes
  8669 | D:8      | Reached XP level 9. HP: 39/39 MP: 15/18
  8680 | D:8      | Reached skill level 8 in Dodging
  9142 | D:8      | Identified a scroll of acquirement
  9736 | D:8      | Noticed Prince Ribbit
  9743 | D:8      | Killed Prince Ribbit
  9744 | D:8      | Reached skill level 5 in Fighting
  9938 | D:8      | Found a staircase to the Lair.
  9962 | D:8      | Learned a level 3 spell: Tukima's Dance
 10053 | D:9      | Noticed a two-headed ogre
 10197 | Lair:1   | Entered Level 1 of the Lair of Beasts
 10197 | Lair:1   | Noticed a komodo dragon
 10209 | Lair:1   | Killed a komodo dragon
 10210 | Lair:1   | Reached skill level 9 in Dodging
 10289 | Lair:1   | Found a frozen archway.
 10314 | Lair:1   | Noticed a komodo dragon
 10326 | Lair:1   | Killed a komodo dragon
 10555 | IceCv    | Entered an ice cave
 10668 | Lair:1   | Reached skill level 1 in Transmutations
 10668 | Lair:1   | Reached XP level 10. HP: 44/44 MP: 15/20
 10891 | Lair:1   | Noticed Harold
 10906 | Lair:1   | Killed Harold
 11162 | Lair:1   | Noticed a black mamba
 11177 | Lair:1   | Killed a black mamba
 11371 | Lair:1   | Noticed a cane toad
 11392 | Lair:1   | Reached skill level 10 in Dodging
 11404 | Lair:1   | Reached skill level 5 in Air Magic
 11404 | Lair:1   | Killed a cane toad
 11412 | Lair:1   | Noticed a torpor snail
 11421 | Lair:1   | Killed a torpor snail
 11422 | Lair:1   | Reached XP level 11. HP: 49/49 MP: 7/23
 11482 | Lair:1   | Slain by a blink frog
 11483 | Lair:1   | Reached XP level 10. HP: -1/46 MP: 14/22
 11528 | Lair:1   | Noticed a death yak
 11529 | Lair:1   | Noticed a death yak
 11568 | Lair:1   | Noticed a death yak
 11572 | Lair:1   | Killed a death yak
 11572 | Lair:1   | Killed a death yak
 11574 | Lair:1   | Killed a death yak
 11781 | Lair:1   | Reached skill level 11 in Dodging
 11811 | Lair:1   | Noticed Gastronok
 11839 | Lair:1   | Killed Gastronok
 12310 | Lair:2   | Reached XP level 11. HP: 50/50 MP: 20/23
 12356 | Lair:2   | Noticed Amaemon
 12380 | Lair:2   | Killed Amaemon
 12819 | Lair:2   | Noticed a boulder beetle
 12824 | Lair:2   | Mangled by a boulder beetle

Illustrated notes

Levels and vault maps discovered:
D:1:      evilmike_arrival_fibonacci_small, layout_basic
D:2:      layout_rooms, basic_altar
D:3:      layout_basic, kiku_gazebo_garden_becter,
          dreamdust_ecumenical_altar_drowned_temple, minmay_misc_feat_pillars,
          uniq_natasha
D:4:      layout_loops_cross, mainiacjoe_overflow_alcove_3, uniq_sigmund,
          uniq_grinder
D:5:      layout_loops_ring, minmay_temple_entry_hall, lexackson_kobold_supper,
          uniq_blork_the_orc
D:6:      layout_rooms, lemuel_doored_altar, slow_altar_2,
          nicolae_uskayaw_dance_hall
D:7:      layout_layer_cave, gammafunk_ghost_smash, uniq_joseph
D:8:      layout_gridville, lair_entry_dummy, nicolae_straight_to_the_point,
          uniq_prince_ribbit1
D:9:      minmay_the_grid_4x2 [minmay_the_grid_armoury,
          minmay_the_grid_all_tris, minmay_the_grid_zigzag_pyramid,
          minmay_the_grid_outer_circle, minmay_the_grid_spin_star,
          minmay_the_grid_stretched_grid, minmay_the_grid_box_x,
          minmay_the_grid_prize_big_room], layout_loops_ring,
          overflow_temple_1_default, zombieorc2_lemuel, uniq_grum
Temple:   hellmonk_temple_divided_pantheon
Lair:1:   layout_roguey, portal_ice_cave_entry_imps, grunt_megastairs_2,
          uniq_gastronok, uniq_harold
Lair:2:   layout_cave_shapes, guppyfry_snake_entry_garden, grunt_megastairs_5,
          lemuel_fruit_fields, uniq_amaemon

Skill      XL: |  1  2  3  4  5  6  7  8  9 10 11 |
---------------+----------------------------------+-----
Dodging        | 3 5 7 9 11 | 11.5
Stealth        | 3 5 |  5.8
Spellcasting   | 3 4 5 6 7 8 |  8.1
Summonings     | 5 6 7 9 |  9.6
Hexes          | 3 4 5 |  5.0
Fighting       | 2 3 4 5 7 |  7.6
Air Magic      | 2 4 6 |  6.3
Transmutations | 1 2 4 |  4.0

Action                   |  1- 3 |  4- 6 |  7- 9 | 10-12 || total
-------------------------+-------+-------+-------+-------++-------
Melee: Unarmed           |    15 |    17 |    30 |     3 ||    65
       Bite              |       |     3 |     4 |     1 ||     8
 Cast: Summon Small Mamm |    47 |    50 |    54 |    15 ||   166
       Call Imp          |     2 |    10 |    17 |     8 ||    37
       Call Canine Famil |     7 |    41 |    41 |    11 ||   100
       Summon Guardian G |       |     1 |    20 |    16 ||    37
       Summon Lightning  |       |       |    17 |    28 ||    45
       Tukima's Dance    |       |       |     3 |       ||     3
Invok: Potion Petition   |       |       |     1 |     1 ||     2
Evoke: Wand              |       |       |     1 |     4 ||     5
  Use: Potion            |       |     3 |     5 |     1 ||     9
       Scroll            |       |       |    13 |     4 ||    17
 Stab: Sleeping          |       |     1 |       |       ||     1
       Distracted        |       |       |     4 |       ||     4
Armor: Skin              |     5 |     2 |     4 |       ||    11
Dodge: Dodged            |    46 |    34 |    53 |    27 ||   160
